 Dungeon Crawl Stone Soup version 0.31-a0-1603-gbec6b6ccbf (webtiles) character file.

Game seed: 17742423064254646474

692 bjtr the Conjurer (level 7, -3/48 HPs)
             Began as a Human Conjurer on Jan 8, 2024.
             Slain by an iguana (9 damage)
             ... on level 4 of the Dungeon.
             The game lasted 00:15:50 (4992 turns).

bjtr the Conjurer (Human Conjurer)                  Turns: 4992, Time: 00:15:50

Health: -3/48      AC:  4    Str:  7    XL:     7   Next: 63%
Magic:  2/13       EV: 12    Int: 21    God:
Gold:   201        SH:  5    Dex: 11    Spells: 8/15 levels left

rFire   . . .        d - +1 dagger (freeze)
rCold   + . .        (no shield)
rNeg    . . .        a - +0 robe
rPois   .            (no helmet)
rElec   .            D - +1 cloak {Will+}
rCorr   .            (no gloves)
SInv    .            (no boots)
Will    +....        v - amulet of reflection
Stlth   +++          f - ring of willpower
HPRegen 0.28/turn    h - ring of protection from cold
MPRegen 0.13/turn

%: reflection
@: about to teleport, weak-willed
A: explore regen
a: no special abilities


You were on level 4 of the Dungeon.
You visited 2 branches of the dungeon, and saw 6 of its levels.

You collected 201 gold pieces.

Inventory:

Hand Weapons
 d - a +1 dagger of freezing (weapon)
 k - a +0 antimagic spear
 w - a +0 sling
 B - a +0 morningstar
 C - a +2 quarterstaff of chaos
 E - a +0 rapier
Missiles
 j - a throwing net
 l - 4 poisoned darts
 o - 3 javelins
Armour
 a - a +0 robe (worn)
 u - a +2 cloak
 D - a +1 cloak of willpower (worn)
Jewellery
 f - a ring of willpower (left hand)
 h - a ring of protection from cold (right hand)
 t - an amulet of faith
 v - an amulet of reflection (around neck)
Scrolls
 c - 6 scrolls of identify {unknown}
 e - 2 scrolls of fear {unknown}
 p - a scroll of summoning {unknown}
 q - a scroll of enchant armour {unknown}
 x - a scroll of fog {unknown}
 y - a scroll of acquirement {unknown}
Potions
 b - a potion of magic
 i - 4 potions of curing {unknown}
 m - a potion of resistance {unknown}
 n - 2 potions of haste {unknown}
 r - a potion of mutation {unknown}
 s - a potion of lignification {unknown}
 z - a potion of cancellation {unknown}


   Skills:
 + Level 1.2 Fighting
 + Level 2.5 Dodging
 + Level 4.6 Stealth
 + Level 0.2 Shields
 * Level 4.5 Spellcasting
 * Level 6.3 Conjurations


You had 8 spell levels left.
You knew the following spells:

 Your Spells              Type           Power      Damage    Failure   Level
a - Magic Dart            Conj           100%       1d8       1%          1
b - Searing Ray           Conj           62%        2d6       1%          2
c - Iskenderun's Mystic   Conj/Tloc      18%        2d6       30%         4

Your spell library contained the following spells:

 Spells                   Type           Power      Damage    Failure   Level
 Sting                    Conj/Alch      72%        1d7       3%          1
 Mercury Vapours          Alch/Air       8%         N/A       17%         2
 Fulminant Prism          Conj/Alch      9%         3d7       30%         4
 Olgreb's Toxic Radiance  Alch           4%         N/A       75%         4
 Ozocubu's Refrigeration  Ice            2%         4d7       100%        7
 Discord                  Hex            2%         N/A       100%        8


Dungeon Overview and Level Annotations

Branches:
Dungeon (5/15)             Temple (1/1) D:4

Altars:
Ashenzari
Dithmenos
Hepliaklqana
Kikubaaqudgha
Nemelex Xobeh
Qazlal
Ru
Trog
Xom

Shops:
D:4 :


Innate Abilities, Weirdness & Mutations

You regain HP and MP as you explore.


Message History

The iguana is severely wounded.
The iguana barely misses you.
You hit the iguana but do no damage.
The iguana is severely wounded.
The iguana barely misses you.
Casting: Searing Ray (safe; 1% risk of failure)
Confirm with . or Enter, or press ? or * to list all spells.
Aiming: Searing Ray (safe; 1% risk of failure)
Press: ? - help, Shift-Dir - straight line, f/p - white imp
Aim: a white imp (moderately wounded, 79% to hit)
The searing ray misses the iguana.
The searing ray hits the white imp.
The white imp is almost dead. (Press . to maintain the ray.)
The iguana bites you but does no damage.
You barely miss the iguana.
The iguana is severely wounded.
The iguana closely misses you.
Unknown command.
You aren't carrying any items that you can evoke.
Unknown command.
The iguana attacks as it pursues you! The iguana bites you!
There is a stone staircase leading down, spattered with blood here.
The white imp lashes its tail.
The iguana attacks as it pursues you! The iguana bites you!
* * * LOW HITPOINT WARNING * * *
There is a stone staircase leading up, spattered with blood here.
You block the iguana's attack.
You climb upwards.
There is a stone staircase leading down here.
Unknown command.
As you read the scroll labelled TOODOP JULAMED, it crumbles to dust.
A wave of despondency washes over your surroundings.
It was a scroll of vulnerability.
The iguana closely misses you.
As you read the scroll labelled BIJUIL XAFO, it crumbles to dust.
You feel strangely unstable.
It was a scroll of teleportation.
The iguana bites you.
* * * LOW HITPOINT WARNING * * *
Unknown command.
The iguana attacks as it pursues you! The iguana bites you!
You die...

####[...#.#.#.#.#.# ###########
.....####8#8#8#8#.#####..........
#################.......#########
#######.........#...###.#
...†....#.###.#####.....#
#########.# #..(#...###.####### #
#.#####.#...)....)†...###
#.##....l.#####.#####....
#.##.##.@######># #.###
#########....##.........#####.# #
#............##...............# #
..####.#............#########.# #
#.# #.#............# #.### #.#
#.#............# #.##. #.##
#.###..[##...### #.##. ...# #.#
#...##...# #.##.
...###.####.####.## #.##.


You could see an iguana (weak-willed).

Vanquished Creatures
  An ice beast (D:5)
  2 ogres (D:4)
  A hound (D:4)
  A jelly (D:5)
  Crazy Yiuf (D:4)
  A bombardier beetle (D:4)
  Jessica (D:3)
  11 gnolls
  5 adders
  3 ribbon worms
  4 dart slugs
  12 orcs
  7 ball pythons
  7 endoplasms
  2 giant cockroaches
  6 goblins
  13 hobgoblins
  6 jackals (D:1)
  4 kobolds
  6 quokkas
  4 bats
  A frilled lizard (D:3)
  7 rats
106 creatures vanquished.

Vanquished Creatures (others)
  A centaur (D:4)
  An iguana (D:4)
2 creatures vanquished.

Grand Total: 108 creatures vanquished

Notes
Turn   | Place    | Note
-------+----------+-------------------------------------------
     0 | D:1      | bjtr the Human Conjurer began the quest for the Orb.
     0 | D:1      | Reached XP level 1. HP: 13/13 MP: 3/3
   172 | D:1      | Reached XP level 2. HP: 19/19 MP: 1/5
   519 | D:1      | Learned a level 2 spell: Searing Ray
   608 | D:1      | Reached XP level 3. HP: 24/24 MP: 3/6
  1257 | D:2      | Reached skill level 5 in Conjurations
  1330 | D:2      | Reached XP level 4. HP: 30/30 MP: 1/7
  1582 | D:2      | You fall into a shaft and drop 1 floor!
  2045 | D:3      | Noticed Jessica
  2054 | D:3      | Killed Jessica
  2070 | D:3      | Reached XP level 5. HP: 23/35 MP: 5/9
  3387 | D:4      | Found a staircase to the Ecumenical Temple.
  3403 | Temple   | Entered the Ecumenical Temple
  3421 | D:4      | Reached XP level 6. HP: 42/42 MP: 11/11
  3745 | D:4      | Reached skill level 6 in Conjurations
  3745 | D:4      | Reached XP level 7. HP: 25/47 MP: 3/13
  3932 | D:4      | Found Bazegh's Self-Improvement Boutique.
  4187 | D:4      | Learned a level 4 spell: Iskenderun's Mystic Blast
  4249 | D:4      | Found a shimmering altar of Xom.
  4418 | D:4      | Found a runed translucent door.
  4419 | D:4      | Noticed Crazy Yiuf
  4428 | D:4      | Killed Crazy Yiuf
  4429 | D:4      | Reached skill level 1 in Fighting
  4688 | D:4      | Found a hazy altar of Hepliaklqana.
  4936 | D:5      | Entered Level 5 of the Dungeon
  4992 | D:4      | Slain by an iguana

Illustrated notes

Levels and vault maps discovered:
D:1:      saegor_arrival_simple_c, layout_basic
D:2:      layout_basic
D:3:      layout_basic, uniq_jessica
D:4:      layout_loops_ring, xom_confusion_cloud, nzn_hepliaklqana_mist_gate,
          minmay_temple_entry_stoned_glass, chequers_jeans,
          minmay_misc_feat_hallway, chequers_serial_rivers_room_a,
          nicolae_shop_self_help, uniq_crazy_yiuf_cottage
D:5:      layout_loops_ring, nicolae_shop_i_like_small_books_too,
          minmay_circle_x
Temple:   hellmonk_temple_two_chambers

Skill      XL: |  1  2  3  4  5  6  7 |
---------------+----------------------+-----
Conjurations   | 5 6 |  6.3
Spellcasting   | 3 4 |  4.5
Stealth        | 3 4 |  4.6
Fighting       | 1 |  1.2
Dodging        | |  2.5
Shields        | |  0.2

Action                     |  1- 3 |  4- 6 |  7- 9 || total
---------------------------+-------+-------+-------++-------
  Melee: Unarmed           |     4 |       |       ||     4
         Dagger            |    22 |    40 |    30 ||    92
   Cast: Magic Dart        |    55 |    39 |    23 ||   117
         Searing Ray       |     3 |    11 |     9 ||    23
    Use: Scroll            |       |       |     2 ||     2
   Stab: Sleeping          |     3 |     8 |       ||    11
 Armour: Robe              |     9 |    35 |    26 ||    70
  Dodge: Dodged            |    18 |    28 |    20 ||    66
  Block: Other             |       |     5 |     4 ||     9
         Reflection        |       |     2 |       ||     2

Table legend: (Time is in decaauts)
 A = Elapsed time spent in this place.
 B = Non-inter-level travel time spent in this place.
 C = Inter-level travel time spent in this place.
 D = Time resting spent in this place.
 E = Time spent auto-exploring this place.
 F = Levels seen in this place.
 G = Mean time per level.
                   A        B        C        D        E       F      G
               +--------+--------+--------+--------+--------+-----+--------+
         Total |   4992 |   4858 |    134 |    321 |   3667 |   6 |  832.0 |
       Dungeon |   4990 |   4856 |    134 |    321 |   3667 |   5 |  998.0 |
        Temple |      1 |      1 |      0 |      0 |      0 |   1 |    1.0 |
               +--------+--------+--------+--------+--------+-----+--------+

Top non-repeatable levels by time:
     D:3: 1580 daAuts
     D:4: 1494 daAuts
     D:1: 1160 daAuts
     D:2: 702 daAuts
     D:5: 52 daAuts
  Temple: 1 daAuts
